 Dungeon Crawl Stone Soup version 0.19-a0-1740-g0bcaf2e (webtiles) character file.

110 wazuzu the Twirler (level 4, -5/33 HPs)
             Began as a Demonspawn Gladiator on Oct 1, 2016.
             Slain by an orc
             ... wielding a +0 trident
              (7 damage)
             ... on level 3 of the Dungeon.
             The game lasted 00:03:43 (1648 turns).

wazuzu the Twirler (Demonspawn Gladiator)           Turns: 1648, Time: 00:03:44

Health: -5/33      AC:  5    Str: 15    XL:     4   Next: 61%
Magic:  4/4        EV: 12    Int:  9    God:
Gold:   103        SH:  0    Dex: 15    Spells: 0 memorised, 3 levels left

rFire  . . .     SeeInvis .     a - +0 quarterstaff
rCold  + . .     Gourm    .     b - +0 leather armour
rNeg   . . .     Faith    .     (shield currently unavailable)
rPois  .         Spirit   .     c - +1 helmet
rElec  .         Dismiss  .     (no cloak)
rCorr  .         Reflect  .     (no gloves)
MR     .....     Harm     .     (no boots)
Stlth  +.........               (no amulet)
                                (no ring)
                                (no ring)

@: drained
A: cold resistance 1
a: no special abilities


You were on level 3 of the Dungeon.
You were not hungry.

You visited 1 branch of the dungeon, and saw 3 of its levels.

You collected 103 gold pieces.

Inventory:

Hand Weapons
 a - a +0 quarterstaff (weapon)
Missiles
 d - 3 throwing nets (quivered)
Armour
 b - a +0 leather armour (worn)
 c - a +1 helmet (worn)
Jewellery
 h - a +3 ring of protection {unknown}
Wands
 r - a wand of paralysis (18/24)
Scrolls
 m - 3 scrolls of identify {unknown}
 q - 2 scrolls of remove curse
Potions
 e - a potion of heal wounds {unknown}
 g - a potion of beneficial mutation {unknown}
 i - a potion of agility {unknown}
 k - a potion of brilliance {unknown}
 l - a potion of berserk rage {unknown}
 n - a potion of curing {unknown}
 p - a potion of flight {unknown}
 s - 2 potions of mutation {unknown}
Comestibles
 f - a bread ration
 j - a slice of pizza
 o - 3 chunks of flesh


   Skills:
 - Level 2.0(1.0) Fighting
 + Level 4.9(3.8) Staves
 - Level 1.7(0.7) Throwing
 - Level 2.6(1.6) Dodging


You had 3 spell levels left.
You didn't know any spells.

Dungeon Overview and Level Annotations

Branches:
Dungeon (3/15)

Altars:


Innate Abilities, Weirdness & Mutations

Your flesh is cold resistant. (rC+)


Message History

The orc wizard barely misses you. The orc priest hits you with a club.
The orc hits you from afar with a trident.
The orc wizard hits you with a short sword.
An orc priest comes into view. It is wielding a dagger.
You hit the orc wizard but do no damage.
The orc wizard is moderately wounded.
The orc priest hits you but does no damage.
The orc wizard hits you with a short sword!
The orc barely misses you.
An orc comes into view. It is wielding a club.
You hit the orc wizard.
The orc wizard is heavily wounded.
The orc wizard hits you but does no damage.
The orc priest hits you with a club.
* * * LOW HITPOINT WARNING * * *
The orc wizard points at you and mumbles some strange words.
The magic dart hits you!
* * * LOW HITPOINT WARNING * * *
The orc hits you from afar with a trident!
You die...

#.##.#.### #.# ....†#.#
#.# #.###>.########.#
.....#.#....÷...#
..###..#.#####.)########
..###..#.##....).......#
..#.........##.#.#####.#
....##.#.#####.#.#####.#
.......#.......#@.oo....
#####...########oo#o##o.
#...# #..# # #...# #..)
#...# ##.## #...# .#
#...# .. #...# ## .....


You could see 2 orc priests, an orc wizard and 3 orcs.

Vanquished Creatures
  Jessica (D:2)
  Terence (D:2)
  An ooze (D:2)
  2 worms (D:2)
  2 dart slugs (D:1)
  An orc (D:3)
  A ball python (D:2)
  5 bats
  2 giant cockroaches (D:1)
  3 goblins
  6 hobgoblins
  6 jackals
  6 kobolds
  3 frilled lizards
  3 rats
43 creatures vanquished.

Notes
Turn   | Place    | Note
-------+----------+-------------------------------------------
     0 | D:1      | wazuzu the Demonspawn Gladiator began the quest for the Orb.
     0 | D:1      | Reached XP level 1. HP: 16/16 MP: 1/1
   126 | D:1      | Reached skill level 3 in Staves
   378 | D:1      | Gained mutation: Your flesh is cold resistant. (rC+) [demonic ancestry]
   378 | D:1      | Reached XP level 2. HP: 22/22 MP: 2/2
   711 | D:1      | Reached XP level 3. HP: 26/27 MP: 3/3
  1161 | D:2      | Reached skill level 4 in Staves
  1437 | D:2      | Noticed Jessica
  1446 | D:2      | Killed Jessica
  1446 | D:2      | Reached XP level 4. HP: 28/33 MP: 4/4
  1513 | D:2      | Noticed Terence
  1524 | D:2      | Killed Terence
  1648 | D:3      | Slain by an orc

Vault maps used:
D:1:      dpeg_arrival_lava_temple_mockup, minmay_cut_off
D:2:      uniq_jessica, uniq_terence
D:3:      first_bread

Skill      XL: |  1  2  3 |
---------------+----------+-----
Staves         | 3 4 |  4.9
Fighting       | |  2.0
Throwing       | |  1.7
Dodging        | |  2.6

Action                   |  1- 3 |  4- 6 || total
-------------------------+-------+-------++-------
Melee: Quarterstaff      |   123 |    33 ||   156
  Use: Scroll            |     2 |       ||     2
 Stab: Distracted        |     1 |       ||     1
  Eat: Chunk             |     2 |     1 ||     3
Armor: Leather armour    |    43 |    10 ||    53
Dodge: Dodged            |    77 |    23 ||   100
